Unix NetHack Version 5.0.0-0 post-release - last build May  4 2026 22:22:43 (774f63e81ad911689b3a0859ea89b322d5daca8d,branch:main).

Game began 2026-05-08 02:39:07, ended 2026-05-08 03:18:15.

2459832143, lawful male human Knight

  -------
  |!*%?%|
  |+?!%!|
  |(%( @|
  |..@.m|
  ---|---
     ##
     #
     #
     #       ------
   --|--     |....|#
   |....##   |....|####
   |...| #   |....-#  #################
   |...| ####.....|              -----.--+----
   -----     ------              |.%.........|
                                 |........<...
                                 |`..........|
                                 -------------

2459832143 the Esquire   St:15 Dx:8 Co:12 In:8 Wi:16 Ch:17  Lawful
Dlvl:6  $:0  HP:0(35) Pw:26(26) AC:3  Xp:4 T:1302 

Latest messages:
 You miss the homunculus.
 The homunculus bites!
 You miss the homunculus.
 The homunculus misses!
 You miss the homunculus.
 The homunculus bites!
 You miss the homunculus.
 The homunculus bites!
 You hit the homunculus.
 The homunculus bites!
 You see here a long sword.
 The homunculus escapes upstairs!
 You hear the footsteps of a guard on patrol.
 You hear the chime of a cash register.
 You see here a large box.
 You destroy the fog cloud!
 Welcome to experience level 4.
 You descend the stairs.
 You see here a tripe ration.
 You have a little trouble lifting a tripe ration.  Continue? [ynq] (q) n
 What do you want to drop? [$a-hj-oqruw-yA or ?*] ?
 What do you want to drop? [$a-hj-oqruw-yA or ?*] h
 You drop 13 uncursed carrots.
 Your newt corpse rots away.
 y - a tripe ration (3 in total).
 You hear someone cursing shoplifters.
 "Salutations, 2459832143!  Welcome to Abitibi's general store!"
 That lock pick is a small mimic!
 The small mimic hits!
 You see here a food ration (for sale, 34 zorkmids).
 "For you, most gracious sir; only 34 zorkmids for this food ration."
 B - a food ration (unpaid, 34 zorkmids).
 The small mimic hits!
 You hit the small mimic!
 The small mimic hits!
 You miss the small mimic.
 The small mimic hits!
 You hit the small mimic!
 You miss the small mimic.
 You hit the small mimic.
 The small mimic hits!
 You miss poiuztrewq's ghost.
 The small mimic hits!
 You die...
 Abitibi comes and takes all your possessions.
 Do you want to see what you had when you died? [ynq] (y) y
 Do you want to see your attributes? [ynq] (y) n
 Do you want an account of creatures vanquished? [ynaq] (y) n
 Do you want to see your conduct and achievements? [ynq] (y) n
 Do you want to see the dungeon overview? [ynq] (y) n

Inventory:
 Weapons  (')')
  j - 8 cursed +0 crossbow bolts
  l - a +4 elven arrow
  u - 4 cursed +0 darts
  q - a rustproof +0 orcish dagger
  a - a +1 long sword (weapon in right hand)
  b - a +1 lance (alternate weapon; not wielded)
 Armor    ('[')
  d - an uncursed +0 helmet (being worn)
  f - a blessed +0 pair of leather gloves (being worn)
  e - an uncursed +0 small shield (being worn)
  o - an uncursed +0 orcish cloak
  c - an uncursed +1 ring mail (being worn)
 Comestibles  ('%')
  g - 13 uncursed apples
  x - an uncursed food ration
  B - an uncursed food ration
  y - 3 uncursed tripe rations
 Potions  ('!')
  n - an uncursed potion of hallucination
  m - an uncursed potion of speed
 Tools    ('(')
  k - a cursed magic whistle
  r - an uncursed tin whistle
 Gems/Stones  ('*')
  w - an uncursed worthless piece of red glass

2459832143 the Knight's attributes:

Background:
 You were an Esquire, a level 4 male human Knight.
 You were lawful, nominally on a mission for Lugh
 who was opposed by Brigit (neutral) and Manannan Mac Lir (chaotic).
 You were right-handed.
 You were in the Dungeons of Doom, on level 6.
 You entered the dungeon 1302 turns ago.
 It was nighttime.
 You had 91 experience points, 69 more were needed to attain level 5.

Basics:
 You had 0 out of 35 hit points.
 You had all 26 energy points (spell power).
 Your armor class was 3.
 Your wallet was empty.
 Autopickup was off.

Final Characteristics:
 Your strength was 15 (limit:18/100).
 Your dexterity was 8 (limit:18).
 Your constitution was 12 (limit:18).
 Your intelligence was 8 (limit:18).
 Your wisdom was 16 (limit:18).
 Your charisma was 17 (limit:18).

Final Status:
 You weren't hungry.
 You were unencumbered.
 You were wielding a long sword.
 You had basic skill with long sword.

Final Attributes:
 You were devoutly aligned.
 You could jump.
 You were warded.
 Your spell casting was impaired by metallic armor.
 You are dead.

Miscellaneous:
 You encountered 2 bones levels.
 Total elapsed playing time was 39 minutes and 5 seconds.

Major events:
 Turn
    1: 2459832143 the lawful male human Knight entered the dungeon
  609: attained the rank of Esquire (level 3)
 1302: killed by a small mimic

Spells:
 Name                 Level Category     Fail Retention
 restore ability        4   healing      100%  76%-100%

Skills:
 Fighting Skills
   bare handed combat [Unskilled]
   two weapon combat  [Unskilled]
   riding             [Basic]
 Weapon Skills
   dagger             [Unskilled]
   knife              [Unskilled]
   axe                [Unskilled]
   pick-axe           [Unskilled]
   short sword        [Unskilled]
   broadsword         [Unskilled]
   long sword         [Basic]
   two-handed sword   [Unskilled]
   saber              [Unskilled]
   club               [Unskilled]
   mace               [Unskilled]
   morning star       [Unskilled]
   flail              [Unskilled]
   hammer             [Unskilled]
   polearms           [Unskilled]
   spear              [Unskilled]
   trident            [Unskilled]
   lance              [Basic]
   bow                [Unskilled]
   crossbow           [Unskilled]
 Spellcasting Skills
   attack spells      [Unskilled]
   healing spells     [Unskilled]
   clerical spells    [Unskilled]

Voluntary challenges:
 Character rerolling was not enabled.
 You followed a strict vegan diet.
 You were an atheist.
 You never genocided any monsters.
 You never polymorphed an object.
 You never changed form.
 You used no wishes.
Achievements:
 You attained the rank of Esquire.
 You entered a shop.

 The Dungeons of Doom: levels 1 to 6
    Level 1:
    Level 2:
    Level 3:
    Level 4:
    Level 5:
       Final resting place for
          h2g2-Ran-Elf-Fem-Cha, killed by a giant mimic.
    Level 6: <- You were here.
       A general store, a grave.
       Final resting place for
          you, killed by a small mimic,
          poiuztrewq-Wiz-Elf-Fem-Cha, killed by a small mimic.


Vanquished creatures:
  a fog cloud
  a floating eye
  a giant bat
 an iguana
  a gas spore
  a large kobold
  2 giant rats
  4 jackals
  3 foxes
  2 goblins
  2 lichens
  4 newts
23 creatures vanquished.

No species were genocided or became extinct.

Game over:
                       ----------
                      /          \
                     /    REST    \
                    /      IN      \
                   /     PEACE      \
                  /                  \
                  |    2459832143    |
                  |       0 Au       |
                  |   killed by a    |
                  |   small mimic    |
                  |                  |
                  |                  |
                  |       2026       |
                 *|     *  *  *      | *
        _________)/\\_//(\/(/\)/\//\/|_)_______

Fare thee well 2459832143 the Knight...

You died in The Dungeons of Doom on dungeon level 6 with 624 points,
and 0 pieces of gold, after 1302 moves.
You were level 4 with a maximum of 35 hit points when you died.

